 Dungeon Crawl Stone Soup version 0.19.1-1-g22dce08 (webtiles) character file.

133 ImaNewbie the Conjurer (level 4, -3/27 HPs)
             Began as a High Elf Fire Elementalist on Jan 5, 2017.
             Killed from afar by an orc wizard (8 damage)
             ... with a magic dart
             ... on level 3 of the Dungeon.
             The game lasted 00:05:03 (2638 turns).

ImaNewbie the Conjurer (High Elf Fire Elementalist) Turns: 2638, Time: 00:05:03

Health: -3/27      AC:  2    Str:  7      XL:     4   Next: 93%
Magic:  1/8        EV: 12    Int: 20      God:
Gold:   151        SH:  0    Dex: 11 (15) Spells: 2 memorised, 3 levels left

rFire  . . .     SeeInvis +     a - +0 spear
rCold  + . .     Gourm    .     s - +0 robe {rC+}
rNeg   . . .     Faith    .     (no shield)
rPois  .         Spirit   .     (no helmet)
rElec  .         Reflect  .     (no cloak)
rCorr  .         Harm     .     (no gloves)
MR     .....                    (no boots)
Stlth  ++........               (no amulet)
                                w - ring of flight (curse)
                                i - ring of see invisible

@: no status effects
A: no striking features
a: Evoke Flight


You were on level 3 of the Dungeon.
You were not hungry.

You visited 1 branch of the dungeon, and saw 3 of its levels.

You collected 151 gold pieces.

Inventory:

Hand Weapons
 a - a +0 spear (weapon)
 b - a +0 blowgun
Missiles
 r - 8 curare-tipped needles
 y - 10 poisoned needles
Armour
 s - a +0 robe of cold resistance (worn)
Jewellery
 i - a ring of see invisible (left hand)
 w - a cursed ring of flight (right hand)
Scrolls
 f - 2 scrolls of identify {unknown}
 g - 2 scrolls of amnesia {unknown}
 h - a scroll of blinking {unknown}
 j - a scroll of magic mapping {unknown}
 k - 2 scrolls of random uselessness {unknown}
 m - a scroll of fear {unknown}
 o - a scroll of remove curse
 q - a scroll of recharging {unknown}
 t - 2 scrolls of fog {unknown}
 u - a scroll of teleportation {unknown}
Potions
 d - a potion of haste {unknown}
 e - a potion of agility {unknown}
 l - a potion of beneficial mutation {unknown}
 n - a potion of resistance {unknown}
 v - a potion of cancellation {unknown}
 x - a potion of brilliance {unknown}
Books
 z - a book of Flames

   Spells                             Type                      Level
   a - Flame Tongue                   Conjuration/Fire             1
   b - Throw Flame                    Conjuration/Fire             2
   c - Conjure Flame                  Conjuration/Fire             3
   d - Inner Flame                    Hexes/Fire                   3
   e - Sticky Flame                   Conjuration/Fire             4
   f - Fireball                       Conjuration/Fire             5
Comestibles
 c - 3 bread rations
 p - 4 fruits


   Skills:
 - Level 2.1 Dodging
 - Level 2.1 Stealth
 - Level 2.4 Spellcasting
 - Level 5.2 Conjurations
 + Level 3.1 Fire Magic


You had 3 spell levels left.
You knew the following spells:

 Your Spells              Type           Power        Failure   Level  Hunger
a - Flame Tongue          Conj/Fire      ###..        2%          1    #......
b - Conjure Flame         Conj/Fire      ###.....     10%         3    ###....


Dungeon Overview and Level Annotations

Branches:
Dungeon (3/15)

Altars:


Message History

The orc wizard is severely wounded.
The orc wizard hits you with a dagger.
You hit the orc wizard.
The orc wizard is almost dead.
The orc wizard misses you. The orc wizard hits you with a dagger.
You hit the orc wizard but do no damage.
The orc wizard is almost dead.
The orc wizard hits you with a dagger.
The orc wizard hits you but does no damage.
You hit the orc wizard but do no damage.
The orc wizard is almost dead.
The orc wizard gestures at you while chanting.
The magic dart hits you!
* * * LOW HITPOINT WARNING * * *
You closely miss the orc wizard.
The orc wizard is almost dead.
The orc wizard barely misses you.
The orc wizard gestures at you while chanting.
The magic dart hits you!
You die...

+......>#..#.>...⌠...+
#...###.#..#...o@...#
#.#.###.#..######).##
#.#.....#.......#)##
#.......#.......#)##
........'..........#
#......<#..#####..##
.......[#..# #.##
...........# ..#
......##.#.# #.##
......##.#.# #.
............ >.
......##.### ##
......#.. ........
#####... ##


You could see an orc wizard.

Vanquished Creatures
  A quasit (D:3)
  Jessica (D:2)
  2 adders (D:3)
  A worm (D:3)
  2 dart slugs
  A leopard gecko (D:3)
  3 orcs (D:3)
  A ball python (D:1)
  6 bats
  A giant cockroach (D:2)
  9 goblins
  4 hobgoblins
  7 kobolds
  A quokka (D:3)
  5 frilled lizards (D:2)
  3 rats (D:1)
48 creatures vanquished.

Notes
Turn   | Place    | Note
-------+----------+-------------------------------------------
     0 | D:1      | ImaNewbie the High Elf Fire Elementalist began the quest for the Orb.
     0 | D:1      | Reached XP level 1. HP: 11/11 MP: 4/4
   268 | D:1      | Reached skill level 2 in Conjurations
   414 | D:1      | Reached XP level 2. HP: 8/17 MP: 0/6
  1188 | D:2      | Noticed Jessica
  1191 | D:2      | Killed Jessica
  1191 | D:2      | Reached skill level 3 in Conjurations
  1191 | D:2      | Reached XP level 3. HP: 12/21 MP: 5/7
  1500 | D:2      | Found a faded altar of an unknown god.
  1547 | D:2      | Reached skill level 4 in Conjurations
  1591 | D:2      | Learned a level 3 spell: Conjure Flame
  2033 | D:3      | Reached XP level 4. HP: 27/27 MP: 5/8
  2454 | D:3      | Reached skill level 5 in Conjurations
  2638 | D:3      | Killed from afar by an orc wizard

Skill      XL: |  1  2  3  4 |
---------------+-------------+-----
Conjurations   | 2 3 4 5 |  5.2
Dodging        | |  2.1
Stealth        | |  2.1
Spellcasting   | |  2.4
Fire Magic     | |  3.1

Action                   |  1- 3 |  4- 6 || total
-------------------------+-------+-------++-------
Melee: Spear             |    21 |    27 ||    48
 Cast: Flame Tongue      |    40 |    31 ||    71
  Use: Scroll            |     1 |       ||     1
 Stab: Sleeping          |     1 |     2 ||     3
  Eat: Chunk             |     3 |     2 ||     5
Armor: Robe              |     3 |    14 ||    17
Dodge: Dodged            |    16 |    39 ||    55
